 Dungeon Crawl Stone Soup version 0.24.0-123-gd5b16e6ec5 (webtiles) character file.

Game seed: 16410940770668378468, levelgen mode: deterministic

534831 Gildeon the Slayer (level 25, -2/155 HPs)
             Began as a Gargoyle Fighter on Dec 22, 2019.
             Was the Champion of Ashenzari.
             Splashed by an acid blob's acid (5 damage)
             ... created by the Royal Jelly
             ... on level 5 of the Pits of Slime on Dec 26, 2019.
             The game lasted 05:01:15 (51941 turns).

Gildeon the Slayer (Gargoyle Fighter)              Turns: 51941, Time: 05:01:16

Health: -2/155     AC: 37    Str: 48    XL:     25   Next: 77%
Magic:  40/40      EV: 13    Int: 13    God:    Ashenzari [******]
Gold:   5526       SH: 33    Dex:  9    Spells: 3/50 levels left

rFire    + + .     SeeInvis +   V - +9 morningstar of the Kidney {flame, Fragile Str+4 SInv} (curse)
rCold    + + +     Gourm    .   D - +5 large shield of Whack-A-Mole {+Fly Str+4 Int+2} (curse)
rNeg     + + .     Faith    .   y - +5 plate armour {rF+} (curse)
rPois    ∞         Spirit   .   L - +3 helmet "Kumemedu" {rCorr Int+3} (curse)
rElec    +         Reflect  .   K - scarf {rC+ rF+} (curse)
rCorr    +         Harm     .   v - +1 pair of gloves
MR       +++++     Clarity  +   m - +1 pair of boots
Stlth    ..........             Y - amulet "Kiwumois" {*Slow +Rage rC- MR+++ Str+9} (curse)
HPRegen  0.00/turn              J - ring of positive energy (curse)
MPRegen  0.27/turn              Q - ring "Xialiycu" {+Fly rPois rF- rC++ MR+} (curse)

@: resistant, corroded, flying, very slightly contaminated
A: big wings, cold resistance 1, dopey 1, frail 1, negative energy resistance 1,
screaming 1, electricity resistance, inhibited regeneration, unbreathing,
petrification resistance, rot immunity, subdued magic 1, AC +19
}: 3/15 runes: decaying, serpentine, silver
a: Stop Flying, Curse Item, Scrying, Transfer Knowledge, Renounce Religion,
Evoke Berserk Rage


You were on level 5 of the Pits of Slime.
You worshipped Ashenzari.
Ashenzari was exalted by your worship.
You were not hungry.

You visited 9 branches of the dungeon, and saw 45 of its levels.
You visited the Abyss 2 times.
You also visited: Wizlab and Desolation.

You collected 7799 gold pieces.
You spent 2273 gold pieces at shops.

Inventory:

Hand Weapons
 a - a +9 vampiric morningstar
 V - the cursed +9 morningstar of the Kidney (weapon) {flame, Fragile Str+4 SInv}
   (You found it on level 4 of the Lair of Beasts)

   It has been specially enchanted to burn those struck by it, causing extra
   injury to most foes and up to half again as much damage against particularly
   susceptible opponents.
   It affects your strength (+4).
   It lets you see invisible.
   It will be destroyed if unequipped.
   It has a curse placed upon it.
Missiles
 c - 8 atropa-tipped darts
 C - 40 poisoned darts (quivered)
 M - 2 curare-tipped darts
 W - a throwing net
Armour
 m - a +1 pair of boots (worn)
 v - a +1 pair of gloves (worn)
 y - a cursed +5 plate armour of fire resistance (worn)
 z - +2 gold dragon scales
 D - the cursed +5 large shield of Whack-A-Mole (worn) {+Fly Str+4 Int+2}
   (You bought it in a shop on level 3 of the Vaults)

   It affects your strength (+4).
   It affects your intelligence (+2).
   It lets you fly.
   It has a curse placed upon it.
 K - a cursed scarf of resistance (worn)
 L - the cursed +3 helmet "Kumemedu" (worn) {rCorr Int+3}
   (You found it on level 3 of the Swamp)

   It affects your intelligence (+3).
   It provides partial protection from all sources of acid and corrosion.
   It has a curse placed upon it.
Jewellery
 I - an uncursed ring of stealth
 J - a cursed ring of positive energy (left hand)
 Q - the cursed ring "Xialiycu" (right hand) {+Fly rPois rF- rC++ MR+}
   (You took it off an ironbrand convoker in the Desolation of Salt)

   [ring of protection from magic]

   It makes you vulnerable to fire.
   It greatly protects you from cold.
   It protects you from poison.
   It affects your resistance to hostile enchantments.
   It lets you fly.
   It has a curse placed upon it.
 Y - the cursed amulet "Kiwumois" (around neck) {*Slow +Rage rC- MR+++ Str+9}
   (You found it in the Desolation of Salt)

   [amulet of rage]

   It affects your strength (+9).
   It makes you vulnerable to cold.
   It affects your resistance to hostile enchantments.
   It lets you go berserk.
   It may slow you when you take damage.
   It has a curse placed upon it.
Wands
 b - a wand of disintegration (48)
 l - a wand of digging (14)
 q - a wand of acid (19)
 w - a wand of polymorph (33)
 x - a wand of iceblast (34)
 N - a wand of paralysis (17)
 S - a wand of enslavement (33)
 X - a wand of clouds (5)
Scrolls
 j - 5 scrolls of fear
 k - 20 scrolls of teleportation
 n - 7 scrolls of remove curse
 B - 2 scrolls of blinking
 F - 26 scrolls of identify
 O - a scroll of holy word
 P - 7 scrolls of fog
 T - 3 scrolls of magic mapping
 U - a scroll of silence
Potions
 d - 4 potions of might
 e - 9 potions of brilliance
 h - 18 potions of curing
 i - a potion of ambrosia
 p - a potion of invisibility
 r - 2 potions of magic
 s - a potion of berserk rage
 t - a potion of cancellation
 u - a potion of resistance
 A - 4 potions of haste
 E - 8 potions of lignification
 H - 4 potions of agility
 R - a potion of heal wounds
Comestibles
 f - 63 rations


   Skills:
 + Level 22.3 Fighting
 - Level 16.1(20.0) Maces & Flails
 + Level 8.3 Throwing
 - Level 16.1(20.0) Armour
 + Level 8.0 Dodging
 + Level 20.0(22.2) Shields
 + Level 13.2 Spellcasting
 - Level 5.5(10.0) Conjurations
 - Level 10.7(15.0) Hexes
 - Level 5.5(10.0) Charms
 - Level 5.5(10.0) Summonings
 - Level 5.5(10.0) Translocations
 - Level 5.5(10.0) Fire Magic
 - Level 1.8(5.0) Ice Magic
 - Level 5.5(10.0) Air Magic
 - Level 1.8(5.0) Earth Magic
 - Level 1.8(5.0) Poison Magic
 + Level 9.5(13.8) Evocations


You had 3 spell levels left.
You knew the following spells:

 Your Spells              Type           Power        Failure   Level  Hunger
a - Blink                 Tloc           N/A          1%          2    None
b - Corona                Hex            #####..      1%          1    None
c - Confuse               Hex            #####...     1%          3    None
d - Cause Fear            Hex            #####.....   1%          4    ###....
e - Silence               Hex/Air        ####......   3%          5    #####..
f - Leda's Liquefaction   Hex/Erth       ####......   3%          4    ###....
g - Lesser Beckoning      Tloc           ####......   1%          3    None
h - Olgreb's Toxic Radia  Pois           ###.....     30%         4    ###....
i - Conjure Flame         Conj/Fire      ####....     1%          3    None
j - Mephitic Cloud        Conj/Pois/Air  ###.....     1%          3    None
k - Summon Guardian Gole  Hex/Summ       ####....     1%          3    None
l - Summon Ice Beast      Ice/Summ       ###.....     11%         4    ###....
m - Swiftness             Chrm/Air       ####....     1%          2    None
n - Shroud of Golubria    Chrm/Tloc      ####..       1%          2    None
o - Passage of Golubria   Tloc           N/A          3%          4    ###....

Your spell library contained the following spells:

 Spells                   Type           Power        Failure   Level  Hunger
 Apportation              Tloc           ####..       1%          1    None
 Confusing Touch          Hex            #####.       1%          1    None
 Flame Tongue             Conj/Fire      ####.        1%          1    None
 Magic Dart               Conj           ####         1%          1    None
 Sting                    Conj/Pois      ###.         1%          1    None
 Summon Butterflies       Summ           ####....     1%          1    None
 Summon Small Mammal      Summ           ####         1%          1    None
 Call Imp                 Summ           ####....     1%          2    None
 Poisonous Vapours        Pois/Air       ###...       1%          2    None
 Slow                     Hex            #####...     1%          2    None
 Throw Flame              Conj/Fire      ####..       1%          2    None
 Call Canine Familiar     Summ           ####....     1%          3    None
 Gell's Gravitas          Tloc           ####......   1%          3    None
 Inner Flame              Hex/Fire       ####....     1%          3    None
 Portal Projectile        Hex/Tloc       ####..       1%          3    None
 Recall                   Summ/Tloc      N/A          1%          3    None
 Tukima's Dance           Hex            #####...     1%          3    None
 Sandblast                Erth           ###...       2%          1    None
 Regeneration             Chrm/Necr      ###.......   8%          3    None
 Animate Skeleton         Necr           N/A          19%         1    None
 Beastly Appendage        Tmut           #.....       19%         1    None
 Pain                     Necr           #...         19%         1    None
 Spider Form              Tmut/Pois      ##........   22%         3    None
 Corpse Rot               Necr           N/A          28%         2    None
 Sticks to Snakes         Tmut           #.......     28%         2    None
 Vampiric Draining        Necr           #.........   50%         3    None
 Force Lance              Conj/Tloc      ####....     3%          4    ###....
 Sticky Flame             Conj/Fire      ####....     3%          4    ###....
 Summon Lightning Spire   Summ/Air       ####....     3%          4    ###....
 Invisibility             Hex            #####...     8%          6    ######.
 Fireball                 Conj/Fire      ####......   11%         5    #####..
 Iskenderun's Battlesphe  Conj/Chrm      ####....     11%         5    #####..
 Metabolic Englaciation   Hex/Ice        ####......   11%         5    #####..
 Bolt of Magma            Conj/Fire/Erth ###.......   22%         5    #####..
 Yara's Violent Unravell  Hex/Tmut       ###.......   28%         5    #####..
 Venom Bolt               Conj/Pois      ###.......   30%         5    #####..
 Deflect Missiles         Chrm/Air       ####......   52%         6    ######.
 Dispersal                Tloc           ####......   52%         6    ######.
 Ice Form                 Ice/Tmut       ##......     61%         4    ###....
 Petrify                  Tmut/Erth      ##......     61%         4    ###....
 Bolt of Draining         Conj/Necr      ###.......   61%         5    #####..
 Excruciating Wounds      Chrm/Necr      ###.......   61%         5    #####..
 Iron Shot                Conj/Erth      ###.......   87%         6    ######.
 Animate Dead             Necr           N/A          89%         4    ###....
 Alistair's Intoxication  Tmut/Pois      ##......     92%         5    #####..
 Borgnjor's Vile Clutch   Necr/Erth      ##........   92%         5    #####..
 Malign Gateway           Summ/Tloc      ####......   98%         7    #######
 Orb of Destruction       Conj           ####......   98%         7    #######
 Spellforged Servitor     Conj/Summ      ####......   98%         7    #######
 Discord                  Hex            #####.....   98%         8    #######
 Agony                    Necr           #.......     99%         5    #####..
 Blade Hands              Tmut           #.........   99%         5    #####..
 Dispel Undead            Necr           #.......     99%         5    #####..
 Death Channel            Necr           #.........   100%        6    ######.
 Simulacrum               Ice/Necr       ##........   100%        6    ######.
 Shatter                  Erth           ###.......   100%        9    #######
 Sublimation of Blood     Necr           Unusable     N/A         2    N/A
 Statue Form              Tmut/Erth      Unusable     N/A         6    N/A

Dungeon Overview and Level Annotations

Branches:
Dungeon (15/15)            Temple (1/1) D:4            Lair (6/6) D:10
  Swamp (4/4) Lair:3        Snake (4/4) Lair:3        Slime (5/5) Lair:5
    Orc (2/2) D:9             Elf (3/3) Orc:2        Vaults (5/5) D:13
  Crypt (0/3) Vaults:2     Depths (0/5) D:15         WizLab (visited)
Desolation (visited)

Altars:
Ashenzari
Cheibriados
Dithmenos
Elyvilon
Fedhas
Gozag
Hepliaklqana
Kikubaaqudgha
Makhleb
Nemelex Xobeh
Okawaru
Qazlal
Ru
Sif Muna
Trog
Uskayaw
Vehumet
Wu Jian
Xom
Yredelemnul
Zin
The Shining One
Beogh
Jiyva

Shops:
Orc:2 (:*[   Elf:1 *%   Snake:4 ?*   Vaults:1 !   Vaults:3 [*[*   Vaults:4 =

Portals:
Trove: Elf:2 (give +5 ice dragon scales)

Annotations:
Slime:5 Royal Jelly


Innate Abilities, Weirdness & Mutations

You are resistant to torment.
Your stone body is resilient. (AC +19)
You are immune to poison.
Your large and strong wings let you fly indefinitely.
You resist negative energy. (rN+)
You are resistant to electric shocks. (rElec)
You can survive without breathing.
You are immune to petrification.
You are immune to rotting.
Your flesh is cold resistant. (rC+)
You are dopey. (Int -2)
You are frail. (-10% HP)
You occasionally shout uncontrollably at your foes.
You do not regenerate when monsters are visible.
Your spells are a little easier to cast, but a little less powerful.


Message History

The splash of acid hits you but does no damage.
You are splashed with acid!
You resist.
* * * LOW HITPOINT WARNING * * *
The acid blob spits acid at you.
The splash of acid hits you but does no damage.
You are splashed with acid.
You resist.
* * * LOW HITPOINT WARNING * * *
Blink to where?
Press: ? - help, Dir - move target cursor You are very lightly contaminated with residual magic.
As you read the scroll of blinking, it crumbles to dust.
The acid blob spits acid at you.
The splash of acid hits you but does no damage.
The acid corrodes you!
You are splashed with acid!
You resist.
* * * LOW HITPOINT WARNING * * *
The acid blob spits acid at you. The splash of acid hits you. You resist.
* * * LOW HITPOINT WARNING * * *
The acid corrodes you!
You are splashed with acid.
You resist.
You die...

###### ##.#..####
####....###.###*####
###.............##....###
#.......................#
###.......................##
#..........................##
................@...........#
............................#
............................##
...........J..............<..####
................................#
..........J......................
.................................
.................................
.................................


You could see 2 acid blobs.

Vanquished Creatures
  2 ancient liches
  Sojobo (Vaults:5)
  Vashnia (Snake:3)
  Jory (Vaults:4)
  A golden dragon (Vaults:4)
  Rupert (Lair:4)
  3 tentacled monstrosities
  The ghost of larifari the Wallflower, an adept HaGl of Uskayaw (Elf:3)
  A lich (Vaults:5)
  6 titans
  4 deep elf blademasters (Elf:3)
  2 deep elf master archers (Elf:3)
  3 thorn hunters
  18 acid blobs
  4 tentacled starspawn
  An eldritch tentacle (WizLab)
  Kirke (Lair:5)
  4 sphinxes
  3 tengu reavers
  2 storm dragons
  2 shadow dragons
  11 azure jellies
  Donald (Elf:2)
  7 nagarajas
  Roxanne (D:15)
  3 fire giants
  Louise (Elf:1)
  An iron dragon (Vaults:4)
  8 deep elf sorcerers
  2 imperial myrmidons (Desolation)
  7 frost giants
  2 orc warlords (Orc:1)
  A curse skull (Vaults:2)
  Aizul (Snake:1)
  13 vault wardens
  An angel (WizLab)
  7 deep elf elementalists
  A ghoul (Vaults:2)
  15 ironheart preservers
  A war gargoyle (Vaults:4)
  12 stone giants
  An entropy weaver (Vaults:2)
  7 very ugly things
  Nessos (D:15)
  6 deep elf demonologists
  A black draconian (WizLab)
  A halazid warlock (Desolation)
  A dire elephant (Lair:6)
  Azrael (Elf:1)
  14 deep elf annihilators
  5 deep elf death magi
  9 ettins
  3 death oozes (Slime:2)
  2 crystal guardians
  Snorg (Lair:5)
  2 fire dragons
  17 ogre magi
  Josephine (Lair:6)
  6 deep elf high priests
  8 ragged hierophants (Desolation)
  9 yaktaur captains
  Fannar (Lair:3)
  3 ice dragons
  5 great orbs of eyes
  31 vault guards
  A rakshasa (Vaults:3)
  24 hydras
  12 servants of whispers (Desolation)
  A ghost crab (Swamp:3)
  6 peacekeepers (Desolation)
  A catoblepas (Lair:6)
  4 shambling mangroves
  7 anacondas
  7 centaur warriors
  13 naga warriors
  6 death knights
  49 two-headed ogres
  18 alligators
  9 death yaks (Lair:6)
  2 deep troll earth magi
  2 deep troll shamans
  A tengu warrior (D:13)
  A thrashing horror (Abyss:2)
  An orc high priest (Orc:2)
  32 dancing weapons
  25 naga sharpshooters
  A shock serpent (shapeshifter) (Vaults:2)
  Nergalle (Lair:3)
  A soul eater (Abyss:2)
  3 hell knights
  5 shock serpents
  22 deep elf knights
  2 salamander mystics
  A wretched star (Abyss:2)
  11 deep trolls
  A sea snake (Snake:4)
  A death drake (Abyss:3)
  6 skeletal warriors
  4 flayed ghosts
  13 swamp dragons
  2 spriggan druids
  5 unseen horrors
  23 ironbrand convokers
  2 obsidian statues
  A tengu zombie (Vaults:4)
  A glowing orange brain (Vaults:5)
  8 wizards
  9 naga ritualists
  20 orc knights
  12 deep elf archers
  4 harpies (Vaults:1)
  2 necromancers
  A manticore (shapeshifter) (Vaults:4)
  5 cyclopes
  5 phantasmal warriors
  A wolf spider zombie (D:15)
  7 mana vipers
  8 shining eyes
  22 ugly things
  5 wolf spiders
  48 deep elf magi
  A frost giant zombie (Vaults:4)
  A tengu skeleton (Vaults:5)
  3 manticores
  7 orc sorcerers
  8 salamanders
  25 black mambas
  12 elephants
  Joseph (D:8)
  4 guardian serpents
  An apocalypse crab (Abyss:2)
  15 vault sentinels
  A molten gargoyle (Desolation)
  23 naga magi
  4 torpor snails (Lair:6)
  11 spiny frogs
  The ghost of BoneStone the Ruffian, a novice NaTm (D:7)
  5 eyes of devastation
  9 freezing wraiths
  4 komodo dragons
  A demonic crawler (WizLab)
  A gargoyle (D:11)
  A kobold demonologist (D:15)
  2 rime drakes
  37 yaktaurs
  An efreet (Abyss:2)
  A hellwing (WizLab)
  5 ancient zymes
  8 trolls
  A meliai (shapeshifter) (Vaults:2)
  A tengu conjurer (D:15)
  4 polar bears (Lair:6)
  A human skeleton (WizLab)
  2 harpy skeletons (D:15)
  An elf skeleton (Vaults:5)
  A merfolk (shapeshifter) (Vaults:5)
  16 hornets
  A queen bee (shapeshifter) (Vaults:3)
  6 raiju
  66 saltlings (Desolation)
  A blink frog (shapeshifter) (Vaults:2)
  An ettin zombie (Vaults:4)
  22 blink frogs
  9 tyrant leeches
  124 slime creatures
  A slime creature (shapeshifter) (Vaults:4)
  7 dream sheep
  7 hippogriffs
  A dream sheep (shapeshifter) (Vaults:4)
  A redback (Vaults:2)
  5 air elementals
  2 meliai zombies
  8 bog bodies
  10 wraiths
  7 spriggans
  64 yaks
  2 shadows
  A fire elemental (Elf:2)
  An ice dragon skeleton (WizLab)
  Eustachio (D:6)
  3 water elementals
  2 vampires
  A ynoxinul (Abyss:3)
  3 wyverns
  21 starcursed masses
  A chaos spawn (Abyss:3)
  3 golden eyes (Slime:2)
  9 hogs
  A human (shapeshifter) (Vaults:3)
  2 hungry ghosts
  A catoblepas simulacrum (Abyss:2)
  A golden eye (shapeshifter) (Vaults:4)
  A human (D:11)
  3 basilisks
  A neqoxec (Abyss:2)
  18 vampire mosquitoes
  9 wargs
  57 nagas
  15 swamp worms
  13 insubstantial wisps
  4 large abominations
  6 spatial vortices (WizLab)
  3 acid dragons
  5 hell hounds
  6 porcupines
  9 water moccasins
  A floating eye (Slime:3)
  40 orc warriors
  13 swamp drakes
  5 sky beasts
  5 eyes of draining
  3 phantoms
  2 boggarts (WizLab)
  48 ogres
  6 small abominations
  6 wolves
  12 crocodiles
  7 centaurs
  A big kobold (D:8)
  Blork the orc (D:6)
  14 bullfrogs
  4 earth elementals
  A scorpion (D:8)
  An elf simulacrum (Vaults:5)
  13 killer bees
  2 human simulacra
  5 howler monkeys
  3 wights (D:15)
  An electric eel (Lair:3)
  9 crimson imps
  A centaur zombie (D:6)
  3 lava snakes (Snake:3)
  2 quasits
  2 bullfrog zombies
  17 jellies
  8 centaur skeletons
  25 orc priests
  3 iron imps
  A bullfrog skeleton (D:6)
  13 worker ants
  6 iguanas
  41 orc wizards
  A hound zombie (D:7)
  A howler monkey zombie (D:6)
  Robin (D:3)
  7 gnolls
  14 adders
  3 shadow imps
  2 oozes (Lair:5)
  3 ufetubi (Abyss:2)
  4 worms
  2 dart slugs
  2 leopard geckos
  A leopard gecko (shapeshifter) (Vaults:5)
  97 orcs
  3 giant cockroaches (D:4)
  14 goblins
  7 hobgoblins
  10 jackals
  6 kobolds
  6 quokkas
  2 ball pythons (D:1)
  8 bats
  7 frilled lizards
  A jackal zombie (D:5)
  A leopard gecko skeleton (D:5)
  A quokka zombie (D:8)
  8 rats
  7 briar patches
  A crawling corpse (Elf:3)
  4 fungi
  A pillar of salt (Elf:1)
  2 plants
  A starspawn tentacle (Abyss:3)
2098 creatures vanquished.

Vanquished Creatures (collateral kills)
  An orc warrior (Vaults:3)
  2 orcs
3 creatures vanquished.

Vanquished Creatures (others)
  An ironheart preserver (Vaults:2)
  A war gargoyle (Vaults:4)
  A hydra (Swamp:3)
  2 alligators (Swamp:3)
  A deep elf knight (Elf:2)
  2 deep elf magi
  A naga mage (Snake:1)
  2 hornets
  A hell hound (Elf:1)
  A swamp drake (Swamp:3)
  2 ogres
  A centaur (D:15)
  4 briar patches
  14 fungi
  A lurking horror (Abyss:2)
  A plant (Lair:3)
  8 starspawn tentacles
44 creatures vanquished.

Grand Total: 2145 creatures vanquished

Notes
Turn   | Place    | Note
-------+----------+-------------------------------------------
     0 | D:1      | Gildeon the Gargoyle Fighter began the quest for the Orb.
     0 | D:1      | Reached XP level 1. HP: 14/14 MP: 1/1
   167 | D:1      | Reached XP level 2. HP: 19/19 MP: 2/2
   817 | D:1      | Reached XP level 3. HP: 23/23 MP: 3/3
  1557 | D:2      | Reached XP level 4. HP: 27/28 MP: 4/4
  1606 | D:2      | Found a shattered altar of Ashenzari.
  1614 | D:2      | Became a worshipper of Ashenzari the Shackled
  2127 | D:3      | Reached skill level 5 in Maces & Flails
  2188 | D:3      | Reached XP level 5. HP: 32/32 MP: 5/5
  2277 | D:3      | Learned a level 2 spell: Blink
  2324 | D:3      | Found a shimmering altar of Xom.
  2797 | D:3      | Reached XP level 6. HP: 37/37 MP: 6/6
  2964 | D:3      | Noticed Robin
  3007 | D:3      | Killed Robin
  3315 | D:4      | Reached XP level 7. HP: 38/41 MP: 7/7
  3653 | D:4      | Found a staircase to the Ecumenical Temple.
  3677 | D:4      | Reached * piety under Ashenzari
  3682 | Temple   | Entered the Ecumenical Temple
  4599 | D:5      | Entered Level 5 of the Dungeon
  4599 | D:5      | Identified the +4 shortbow of the Living Dead {venom, rElec
                  | MR- Str+4}
  4734 | D:5      | Reached XP level 8. HP: 46/46 MP: 8/8
  4792 | D:5      | Found a white marble altar of Elyvilon.
  5008 | D:5      | Found a hide-covered altar of Uskayaw.
  5194 | D:6      | Noticed Eustachio
  5213 | D:6      | Killed Eustachio
  5232 | D:6      | Noticed Blork the orc
  5242 | D:6      | Killed Blork the orc
  5242 | D:6      | Reached skill level 4 in Fighting
  5658 | D:7      | Reached ** piety under Ashenzari
  5712 | D:7      | Reached XP level 9. HP: 53/53 MP: 9/9
  5730 | D:7      | Reached skill level 5 in Fighting
  5730 | D:7      | Reached skill level 10 in Maces & Flails
  5730 | D:7      | Reached skill level 5 in Armour
  5737 | D:7      | Reached skill level 5 in Shields
  6146 | D:7      | Noticed a manticore
  6147 | D:7      | Found a transporter.
  6148 | D:7      | Found a transporter.
  6149 | D:7      | Noticed BoneStone's ghost (novice NaTm)
  6603 | D:8      | Reached skill level 6 in Fighting
  6635 | D:8      | Noticed Joseph
  6654 | D:8      | Killed Joseph
  6713 | D:8      | Reached XP level 10. HP: 60/60 MP: 10/10
  6769 | D:8      | Reached skill level 1 in Dodging
  6993 | D:8      | Reached *** piety under Ashenzari
  7366 | D:9      | Found an opulent altar of Gozag.
  7575 | D:9      | Found a staircase to the Orcish Mines.
  7765 | D:9      | Found an ornate altar of the Wu Jian Council.
  8135 | D:10     | Entered Level 10 of the Dungeon
  8305 | D:10     | Reached skill level 1 in Evocations
  8466 | D:10     | Found a staircase to the Lair.
  8691 | D:10     | Reached skill level 7 in Fighting
  8693 | D:10     | Identified the +8 dagger of Lail {venom, rN+ Dex+3}
  9019 | D:11     | Noticed a two-headed ogre
  9037 | D:11     | Killed a two-headed ogre
  9037 | D:11     | Reached XP level 11. HP: 56/67 MP: 11/13
  9139 | D:11     | Reached **** piety under Ashenzari
  9465 | D:11     | Reached skill level 8 in Fighting
 10103 | D:12     | Noticed a seven-headed hydra
 10115 | D:12     | Killed a seven-headed hydra
 10333 | D:13     | Noticed a tengu warrior
 10345 | D:13     | Killed a tengu warrior
 10345 | D:13     | Reached skill level 9 in Fighting
 10381 | D:13     | Noticed a deep elf mage
 10411 | D:12     | Reached skill level 1 in Spellcasting
 10411 | D:12     | Reached skill level 1 in Translocations
 10411 | D:12     | Reached XP level 12. HP: 76/76 MP: 14/14
 10537 | D:13     | Reached skill level 10 in Shields
 10704 | D:13     | Noticed a two-headed ogre
 10716 | D:13     | Killed a two-headed ogre
 10992 | D:13     | Noticed a two-headed ogre
 10992 | D:13     | Noticed a two-headed ogre
 10997 | D:13     | Noticed an ogre mage
 11385 | Lair:1   | Entered Level 1 of the Lair of Beasts
 11692 | Lair:1   | Reached skill level 10 in Fighting
 11728 | Lair:1   | Learned a level 1 spell: Confusing Touch
 11847 | Lair:1   | Reached ***** piety under Ashenzari
 12000 | Lair:1   | Reached skill level 1 in Hexes
 12904 | Lair:2   | Noticed a five-headed hydra
 12909 | Lair:2   | Killed a five-headed hydra
 12909 | Lair:2   | Reached XP level 13. HP: 82/82 MP: 19/19
 12913 | Lair:2   | Learned a level 2 spell: Slow
 13183 | Lair:3   | Reached skill level 1 in Throwing
 13280 | Lair:3   | Reached skill level 5 in Spellcasting
 13314 | Lair:3   | Found a staircase to the Snake Pit.
 13488 | Lair:3   | Noticed Nergalle
 13507 | Lair:3   | Killed Nergalle
 13601 | Lair:3   | Noticed Fannar
 13630 | Lair:3   | Killed Fannar
 14122 | Lair:3   | Found a staircase to the Swamp.
 14366 | Lair:3   | Reached skill level 10 in Armour
 14754 | Lair:4   | Noticed Rupert
 14857 | Lair:4   | Identified the +9 morningstar of the Kidney {flame, Fragile
                  | Str+4 SInv}
 15234 | Lair:5   | Noticed Snorg
 15318 | Lair:4   | Killed Rupert
 15318 | Lair:4   | Reached skill level 11 in Fighting
 15406 | Lair:5   | Gained mutation: Your large and strong wings let you fly
                  | indefinitely. [Gargoyle growth]
 15406 | Lair:5   | Reached XP level 14. HP: 64/90 MP: 21/21
 15482 | Lair:5   | Found a staircase to the Slime Pits.
 15831 | Lair:5   | Killed Snorg
 15854 | Lair:5   | Noticed Kirke
 15952 | Lair:5   | Reached ****** piety under Ashenzari
 16008 | Lair:5   | Killed Kirke
 16390 | Lair:6   | Entered Level 6 of the Lair of Beasts
 16567 | Lair:6   | Reached skill level 12 in Fighting
 16633 | Lair:6   | Noticed a dire elephant
 16648 | Lair:6   | Killed a dire elephant
 16888 | Lair:6   | Identified the +7 longbow of Jicvav {freeze, Fragile rPois
                  | rF+ Int+4}
 16948 | Lair:6   | Found a snail-covered altar of Cheibriados.
 17062 | Lair:6   | Learned a level 2 spell: Call Imp
 17078 | Lair:6   | Noticed Josephine
 17086 | Lair:6   | Killed Josephine
 17875 | Orc:1    | Entered Level 1 of the Orcish Mines
 17978 | Orc:1    | Found a transporter.
 17987 | Orc:1    | Noticed an orc warlord
 17989 | Orc:1    | Identified the +1 cloak of the Slug {*Contam MP+9 Int+6}
 18074 | Orc:1    | Reached XP level 15. HP: 61/97 MP: 22/22
 18145 | Orc:2    | Entered Level 2 of the Orcish Mines
 18145 | Orc:2    | Found a staircase to the Elven Halls.
 18159 | Orc:2    | Reached skill level 13 in Fighting
 18182 | Orc:2    | Found Godiawu's Book Emporium.
 18293 | Orc:2    | Noticed an orc warlord
 18364 | Orc:1    | Killed an orc warlord
 18556 | Orc:2    | Found Japtel's General Store.
 18692 | Orc:2    | Learned a level 3 spell: Confuse
 18732 | Orc:2    | Bought a scroll of identify for 24 gold pieces
 18854 | Orc:2    | Paralysed by an orc sorcerer for 6 turns
 18998 | Orc:2    | Found Nadoivun's Antique Armour Emporium.
 19007 | Orc:2    | Bought a pair of runed gloves for 210 gold pieces
 19167 | Orc:2    | Found Qoptahob's Antique Weapon Shoppe.
 19738 | D:9      | Learned a level 3 spell: Conjure Flame
 19880 | D:13     | Reached skill level 1 in Summonings
 19894 | D:13     | Found a gate to the Vaults.
 20319 | D:14     | Found a flagged portal.
 20736 | D:14     | Cast into level 2 of the Abyss (a wizard)
 20809 | Abyss:3  | Paralysed by a great orb of eyes for 4 turns
 20891 | D:14     | Escaped the Abyss
 20917 | D:14     | Learned a level 3 spell: Summon Guardian Golem
 21146 | D:15     | Entered Level 15 of the Dungeon
 21197 | D:15     | Reached skill level 1 in Conjurations
 21213 | D:15     | Identified Roxanne's Compendium of the Mountains
 21213 | D:15     | Noticed Roxanne
 21301 | D:15     | Reached skill level 1 in Fire Magic
 21673 | D:15     | Noticed Nessos
 21701 | D:15     | Reached skill level 15 in Shields
 21726 | D:15     | Killed Nessos
 21810 | D:15     | Reached XP level 16. HP: 105/105 MP: 25/25
 21943 | D:15     | Reached skill level 14 in Fighting
 21967 | D:15     | Found a staircase to the Depths.
 22194 | D:7      | Killed BoneStone's ghost
 22283 | Orc:1    | Found a roughly hewn altar of Beogh.
 22283 | Orc:1    | Found a transporter.
 22583 | Swamp:1  | Entered Level 1 of the Swamp
 22743 | Swamp:1  | Noticed a thorn hunter
 22760 | Swamp:1  | Killed a thorn hunter
 22951 | Swamp:1  | Identified the +3 leather armour "Xyakk" {+Fly Str+3 Dex-5}
 23605 | Swamp:2  | Reached skill level 15 in Fighting
 24384 | Swamp:3  | Reached XP level 17. HP: 104/113 MP: 28/28
 24611 | Swamp:3  | Identified the +3 helmet "Kumemedu" {rCorr Int+3}
 24931 | Swamp:4  | Entered Level 4 of the Swamp
 25325 | Swamp:4  | Reached skill level 16 in Fighting
 25427 | Swamp:4  | Identified the +5 fustibalus "Exkenyupn" {velocity, rElec
                  | rF++ Dex-5 SInv Stlth+}
 25436 | Swamp:4  | Got a decaying rune of Zot
 25452 | Swamp:4  | Learned a level 3 spell: Lesser Beckoning
 25819 | Snake:1  | Entered Level 1 of the Snake Pit
 25835 | Snake:1  | Reached skill level 15 in Maces & Flails
 25871 | Snake:1  | Identified the +5 arbalest of Becs {velocity, *Drain rC+++
                  | Str+5 Int-3}
 25981 | Snake:1  | Noticed Aizul
 26474 | Snake:1  | Killed Aizul
 27426 | Snake:2  | Reached XP level 18. HP: 113/122 MP: 29/29
 27766 | Snake:3  | Found a bloodstained altar of Trog.
 28478 | Snake:3  | Noticed Vashnia
 28488 | Snake:3  | Reached skill level 17 in Fighting
 28517 | Snake:3  | Killed Vashnia
 28791 | Snake:4  | Entered Level 4 of the Snake Pit
 28843 | Snake:4  | Found Uhujefoc's Magic Scroll Emporium.
 29088 | Snake:4  | Found a bloodstained altar of Trog.
 29225 | Snake:4  | Reached skill level 15 in Armour
 29450 | Snake:4  | Found Cilaotus's Mass Market.
 29458 | Snake:4  | Bought a +0 large shield for 54 gold pieces
 29463 | Snake:4  | Learned a level 4 spell: Cause Fear
 30042 | Snake:4  | Reached XP level 19. HP: 120/130 MP: 30/30
 30147 | Snake:4  | Reached skill level 18 in Fighting
 30228 | Snake:4  | Got a serpentine rune of Zot
 30511 | Elf:1    | Entered Level 1 of the Elven Halls
 30518 | Elf:1    | Noticed Louise
 30567 | Elf:1    | Cast into level 2 of the Abyss (Louise)
 31157 | Abyss:3  | Found a corrupted altar of Lugonu.
 31204 | Elf:1    | Escaped the Abyss
 31214 | Elf:1    | Killed Louise
 31259 | Elf:1    | Found a ruined gateway.
 31269 | Desolati | Entered the Desolation of Salt
 31279 | Desolati | Reached skill level 5 in Evocations
 31353 | Desolati | Identified the cursed +2 broad axe "Wirifuick" {antimagic,
                  | rN+ MR+ Int+2}
 31722 | Desolati | Identified the +4 hunting sling of the Boiling Point
                  | {velocity, Str+2}
 31735 | Desolati | Identified the Disquisition on Blistering Augmentations
 32023 | Desolati | Identified the +7 falchion of Yesterday {slice, rC+}
 32040 | Desolati | Identified the ring "Xialiycu" {+Fly rPois rF- rC++ MR+}
 32275 | Desolati | Identified the +4 mace of Ruxanec {venom, +Rage}
 32276 | Desolati | Identified the amulet "Kiwumois" {*Slow +Rage rC- MR+++
                  | Str+9}
 32280 | Desolati | Reached XP level 20. HP: 131/137 MP: 31/31
 32287 | Desolati | Identified the +3 helmet "Fuyf" {rF+ Int+3}
 32335 | Desolati | Reached skill level 19 in Fighting
 32481 | Elf:1    | Reached skill level 5 in Translocations
 32528 | Elf:1    | Found Lezxer's Assorted Antiques.
 32533 | Elf:1    | Found Xuazup's Food Boutique.
 32647 | Elf:1    | Noticed Azrael
 32659 | Elf:1    | Killed Azrael
 33314 | Elf:2    | Reached skill level 5 in Hexes
 33675 | Elf:2    | Found a runed translucent gate.
 33676 | Elf:2    | Found a runed translucent gate.
 33679 | Elf:2    | Found a runed translucent gate.
 33932 | Elf:2    | Noticed Donald
 33939 | Elf:2    | Killed Donald
 34015 | Elf:2    | Found a portal to a secret trove of treasure.
 34603 | Elf:3    | Entered Level 3 of the Elven Halls
 34813 | Elf:3    | Found a runed translucent door.
 34813 | Elf:3    | Noticed larifari's ghost (adept HaGl)
 34830 | Elf:3    | Killed larifari's ghost
 34838 | Elf:3    | Learned a level 2 spell: Swiftness
 35018 | Elf:3    | Identified the +4 falchion of Dishonour {vamp, rN+ Dex+3}
 35054 | Elf:3    | Learned a level 1 spell: Corona
 35435 | Elf:3    | Reached skill level 1 in Charms
 35464 | Elf:3    | Reached skill level 1 in Air Magic
 35469 | Elf:3    | Identified the ring of Icuo {rPois Int+4}
 35506 | Elf:3    | Reached XP level 21. HP: 133/145 MP: 33/33
 35587 | Elf:3    | Reached skill level 5 in Throwing
 35609 | Elf:3    | Reached skill level 5 in Dodging
 35613 | Elf:3    | Reached skill level 20 in Fighting
 35706 | Elf:3    | Identified the +4 long sword of a Labyrinth {venom, *Noise
                  | +Rage rN+ Int+3}
 35706 | Elf:3    | Identified the amulet of the Eleven Scars {Faith rF+ rC+}
 35954 | Elf:3    | Reached skill level 10 in Spellcasting
 36560 | D:15     | Killed Roxanne
 36626 | Vaults:1 | Entered Level 1 of the Vaults
 36715 | Vaults:1 | Found Voseat's Distillery.
 37426 | Vaults:1 | Learned a level 2 spell: Poisonous Vapours
 38130 | Vaults:2 | Identified the +2 great sword of Glory {antimagic, Fragile
                  | rPois rN++ Dex+3}
 38133 | Vaults:2 | Found Quyreomaps's Assorted Antiques.
 38174 | Vaults:2 | Reached XP level 22. HP: 128/153 MP: 36/36
 38825 | Vaults:2 | Gained mutation: Your magical capacity is low. (-10% MP) [a
                  | neqoxec]
 38847 | Vaults:2 | Gained mutation: Scrolls take you a little longer to read.
                  | [a neqoxec]
 38989 | Vaults:2 | Learned a level 3 spell: Mephitic Cloud
 39165 | Vaults:2 | Found a staircase to the Crypt.
 39704 | Vaults:3 | Reached skill level 5 in Summonings
 39835 | Vaults:3 | Found a magical portal.
 39850 | WizLab   | Found a transporter.
 39857 | WizLab   | Found a corrupted altar of Lugonu.
 39896 | WizLab   | Identified the +2 cloak of the Wilderness {*Contam *Slow
                  | rPois rCorr}
 39905 | WizLab   | Identified the +3 cloak of Hysteria {rCorr Slay+2}
 39947 | WizLab   | Found a transporter.
 39953 | WizLab   | Reached skill level 21 in Fighting
 39988 | WizLab   | Found a transporter.
 40025 | WizLab   | Found a transporter.
 40026 | WizLab   | Found a transporter.
 40026 | WizLab   | Identified Golubria's Tome of the Compass
 40053 | WizLab   | Found a transporter.
 40088 | WizLab   | Found a transporter.
 40093 | WizLab   | Found a corrupted altar of Lugonu.
 40099 | WizLab   | Found a transporter.
 40141 | WizLab   | Found a transporter.
 40244 | WizLab   | Found a transporter.
 40247 | WizLab   | Found a corrupted altar of Lugonu.
 40263 | WizLab   | Found a transporter.
 40277 | WizLab   | Found a transporter.
 40328 | WizLab   | Found a transporter.
 40376 | WizLab   | Learned a level 2 spell: Shroud of Golubria
 40382 | WizLab   | Learned a level 5 spell: Silence
 40411 | WizLab   | Found a transporter.
 40438 | WizLab   | Identified the Disquisition on Displacement
 40446 | WizLab   | Learned a level 4 spell: Passage of Golubria
 40452 | WizLab   | Found a transporter.
 40452 | WizLab   | Found a transporter.
 40487 | WizLab   | Found a transporter.
 40487 | WizLab   | Found a transporter.
 40578 | WizLab   | Found a transporter.
 40655 | WizLab   | Found a transporter.
 40957 | Vaults:3 | Found Ammilown's General Store.
 40985 | Vaults:3 | Bought a ration for 85 gold pieces
 41060 | Vaults:3 | Reached skill level 1 in Poison Magic
 41524 | Vaults:3 | Reached XP level 23. HP: 137/160 MP: 34/34
 41591 | Vaults:3 | Learned a level 4 spell: Leda's Liquefaction
 41934 | Vaults:3 | Found Gozag's Antique Armour Boutique.
 41936 | Vaults:3 | Found an opulent altar of Gozag.
 41936 | Vaults:3 | Found Gozag's Antique Armour Shop.
 41937 | Vaults:3 | Found Gozag's Assorted Antiques.
 41945 | Vaults:3 | Bought a pair of spiked gloves for 950 gold pieces
 42023 | Vaults:3 | Bought an ichor-stained large shield for 950 gold pieces
 42023 | Vaults:3 | Identified the +5 large shield of Whack-A-Mole {+Fly Str+4
                  | Int+2} (You bought it in a shop on level 3 of the Vaults)
 42112 | Vaults:3 | Reached skill level 5 in Conjurations
 42269 | Vaults:4 | Reached skill level 5 in Fire Magic
 42444 | Vaults:4 | Learned a level 4 spell: Summon Ice Beast
 42611 | Vaults:4 | Noticed Jory
 42620 | Vaults:4 | Killed Jory
 42631 | Vaults:4 | Reached skill level 5 in Charms
 42904 | Vaults:4 | Gained mutation: You are weak. (Str -2) [a neqoxec]
 42908 | Vaults:4 | Lost mutation: Scrolls take you a little longer to read.
                  | [potion of mutation]
 42908 | Vaults:4 | Lost mutation: You are weak. (Str -2) [potion of mutation]
 42908 | Vaults:4 | Gained mutation: You expend magic power (3 MP) to
                  | strengthen your wands. [potion of mutation]
 42908 | Vaults:4 | Gained mutation: You are frail. (-10% HP) [potion of
                  | mutation]
 42908 | Vaults:4 | Gained mutation: Your flesh is cold resistant. (rC+)
                  | [potion of mutation]
 43088 | Vaults:4 | Reached skill level 5 in Air Magic
 43119 | Vaults:4 | Found Kycaus's Jewellery Shoppe.
 43631 | Vaults:5 | Entered Level 5 of the Vaults
 43631 | Vaults:5 | Identified the +6 lajatang of Gravity {flame, Str+3}
 43867 | Vaults:5 | Reached skill level 1 in Earth Magic
 43879 | Vaults:5 | Reached skill level 1 in Ice Magic
 43919 | Vaults:5 | Reached XP level 24. HP: 76/149 MP: 35/35
 44909 | Vaults:5 | Noticed an ancient lich
 45636 | Vaults:4 | Killed an ancient lich
 45859 | Vaults:5 | Noticed Sojobo
 45916 | Vaults:5 | Killed Sojobo
 45916 | Vaults:5 | Reached skill level 10 in Hexes
 46212 | Vaults:5 | Noticed an ancient lich
 46234 | Vaults:5 | Killed an ancient lich
 46397 | Vaults:5 | Reached XP level 25. HP: 154/154 MP: 35/35
 46407 | Vaults:5 | Learned a level 4 spell: Olgreb's Toxic Radiance
 46411 | Vaults:5 | Identified the cursed +0 ice dragon scales "Guckoez" {rElec
                  | rF- rC++ MR+ Dex-3}
 46470 | Vaults:5 | Reached skill level 22 in Fighting
 47178 | Vaults:5 | Got a silver rune of Zot
 47652 | Slime:1  | Entered Level 1 of the Pits of Slime
 48115 | Slime:2  | Gained mutation: You are clumsy. (Dex -2) [a shining eye]
 48163 | Slime:1  | Lost mutation: You are frail. (-10% HP) [potion of
                  | mutation]
 48163 | Slime:1  | Lost mutation: Your magical capacity is low. (-10% MP)
                  | [potion of mutation]
 48163 | Slime:1  | Gained mutation: Your spells are a little easier to cast,
                  | but a little less powerful. [potion of mutation]
 48163 | Slime:1  | Gained mutation: You possess an exceptional clarity of
                  | mind. [potion of mutation]
 48536 | Slime:2  | Gained mutation: You are frail. (-10% HP) [a shining eye]
 49574 | Slime:3  | Gained mutation: You are dopey. (Int -2) [a shining eye]
 49575 | Slime:3  | Paralysed by a floating eye for 2 turns
 49618 | Slime:2  | Lost mutation: You expend magic power (3 MP) to strengthen
                  | your wands. [potion of mutation]
 49618 | Slime:2  | Lost mutation: You possess an exceptional clarity of mind.
                  | [potion of mutation]
 49618 | Slime:2  | Lost mutation: You are clumsy. (Dex -2) [potion of
                  | mutation]
 50700 | Slime:5  | Entered Level 5 of the Pits of Slime
 50867 | Slime:5  | Found a viscous altar of Jiyva.
 50879 | Slime:5  | Noticed the Royal Jelly
 51351 | Slime:5  | Gained mutation: You do not regenerate when monsters are
                  | visible. [a shining eye]
 51787 | Slime:5  | Identified the +8 short sword "Zaicocatt" {flame, rN+
                  | Str+4}
 51790 | Slime:5  | Identified the +5 falchion of Offence {slice, rF+}
 51886 | Slime:5  | Gained mutation: You occasionally shout uncontrollably at
                  | your foes. [a shining eye]
 51910 | Slime:5  | HP: 6/155 [acid[the Royal Jelly] (8)]
 51910 | Slime:5  | HP: 2/155 [acid[the Royal Jelly] (4)]
 51940 | Slime:5  | HP: 4/155 [acid[the Royal Jelly] (7)]
 51941 | Slime:5  | Splashed by an acid blob's acid

Levels and vault maps discovered:
D:1:      kennysheep_arrival_seaside, layout_basic
D:2:      layout_basic, lemuel_coloured_pillars_altar, first_ration,
          cheibrodos_gnoll_hut
D:3:      layout_loops_corners, lemuel_crystal_altar, grunt_ministairs_15,
          uniq_robin
D:4:      layout_loops_corners, temple_pool_b
D:5:      layout_cave_pools, elyvilon_altar_4, basic_altar
D:6:      layout_rooms, serial_bayou_pond_c, minmay_misc_feat_more_columns,
          uniq_blork_the_orc, uniq_eustachio
D:7:      minmay_flawed_box, layout_basic, gammafunk_ghost_arena
D:8:      layout_cave_pools, chequers_jeans, uniq_joseph
D:9:      layout_roguey, grunt_gozag_statues, lemuel_crystal_altar,
          hiddenorc2_lemuel
D:10:     layout_irregular_city, dpeg_oklobed_lair
D:11:     layout_roguey, grunt_livestock
D:12:     layout_rooms, st_stairs_8, grunt_ministairs_1
D:13:     layout_grid_maze, david_vaults_2
D:14:     layout_loops_ring, enter_bailey_8, hangedman_decor_riveting,
          minivault_10, lightli_wizard_tower
D:15:     grunt_enter_depths_hoard, layout_cave_pools, uniq_nessos, uniq_roxanne
Temple:   minmay_crystal_spiral_temple
Lair:1:   layout_chaotic_city, nicolae_quartered_pool_little,
          beast_lair_carwin_10, grunt_megastairs_5
Lair:2:   layout_hall_layers, beast_lair_carwin_3, infiniplex_staircase_pool
Lair:3:   layout_loops_ring, nicolae_swamp_entry_splash_gauntlet,
          minmay_snake_entry_guardpost_medium, uniq_fannar, uniq_nergalle
Lair:4:   layout_misc_corridors, uniq_rupert
Lair:5:   layout_hall_layers, minmay_slime_entry_jelly_boxes, uniq_snorg,
          uniq_kirke
Lair:6:   grunt_lair_end_beastmaster, layout_gridlike, kennysheep_snail_temple,
          grunt_megastairs_2, infiniplex_staircase_pool_2, uniq_josephine
Swamp:1:  layout_basic_swamp, hangedman_swamp_ruin_hall
Swamp:2:  layout_falls_marsh, evilmike_swamp_ruin_house_4
Swamp:3:  layout_basic_swamp, hangedman_swamp_pad
Swamp:4:  swamp, layout_basic_swamp
Snake:1:  nicolae_snake_hallway, layout_cave_shapes, drop_trap,
          serial_bayou_pond_a, uniq_aizul
Snake:2:  layout_onion
Snake:3:  layout_layer_cave, basic_altar, nicolae_snake_lava_pool, uniq_vashnia
Snake:4:  snake_pit, layout_grid_shapes, serial_shops,
          nicolae_shop_competitors_out_of_business, basic_altar,
          nicolae_snake_double_loop, minmay_shop_mass, nicolae_snake_shapes,
          lemuel_fruit_tree
Slime:1:  layout_caves
Slime:2:  layout_caves
Slime:3:  layout_caves
Slime:4:  layout_caves
Slime:5
Orc:1:    gammafunk_beogh_shrine, layout_caves
Orc:2:    grunt_orc_gardens, layout_diamond_mine, grunt_orc_garden,
          grunt_orc_garden, grunt_orc_garden, grunt_orc_garden
Elf:1:    eino_elf_arrival_sip, layout_gridlike, portal_desolation_entry_garden,
          minmay_elf_crystal_hexagon, minmay_misc_feat_alley,
          minmay_misc_feat_columns, minmay_shop_star, uniq_louise, uniq_azrael
Elf:2:    layout_gridlike, nicolae_trove_entry_crystal, sword_in_stone
Elf:3:    minmay_elf_hall_four_x, layout_geoelf_grid, gammafunk_ghost_grave
Vaults:1: nicolae_vaults_mini_display_case, hangedman_vaults_snaps, v_misc_30,
          vaults_room_door_ring, v_alt_pattern_4,
          nicolae_vaults_network_quincunx
          [nicolae_vaults_network_quincunx_subvault,
          nicolae_vaults_network_quincunx_subvault,
          nicolae_vaults_network_quincunx_subvault,
          nicolae_vaults_network_quincunx_subvault,
          nicolae_vaults_network_quincunx_subvault], ontoclasm_vaults_gateway,
          ontoclasm_vaults_idyll, v_misc_28, nicolae_vaults_network_star,
          layout_vaults_maze, serial_shops, shop
Vaults:2: minmay_crypt_entry_simple_statues, v_alt_pattern_5,
          hangedman_vaults_locks, hangedman_vaults_trim, v_rooms_4,
          vaults_room_grid, nicolae_vaults_little_squares_1,
          ontoclasm_vaults_ligature, nicolae_vaults_alarming,
          layout_vaults_omnicross, serial_shops, nicolae_shop_stone
Vaults:3: vaults_room_fours, kennysheep_vaults_gozag_temple,
          nicolae_vaults_little_ls, nicolae_vaults_border_crossing,
          vaults_dpeg_doors, ontoclasm_vaults_chip,
          nicolae_vaults_network_square, ontoclasm_vaults_loading_screen,
          nicolae_vaults_what_the_h, nicolae_vaults_gold_heap,
          layout_vaults_big_room, mu_enter_wizlab_1, serial_shops, shop
Vaults:4: ontoclasm_vaults_ring_large, vaults_dpeg_cross, vaults_room_hallway,
          hangedman_vaults_trim, nicolae_vaults_asterisk,
          nicolae_vaults_statue_guard, layout_vaults_quadrants, serial_shops,
          shop, uniq_jory
Vaults:5: uniq_sojobo

Skill      XL: |  1  2  3  4  5  6  7  8  9 10 11 12 13 14 15 16 17 18 19 20 21 22 23 24 25 |
---------------+----------------------------------------------------------------------------+-----
Maces & Flails | 3 4 5 6 7 9 11 12 14 15 16 | 16.1
Fighting       | 4 6 7 9 10 11 12 13 15 16 17 18 19 20 21 22 | 22.3
Armour         | 4 5 6 8 10 11 12 14 15 16 | 16.1
Shields        | 4 6 8 9 11 12 14 15 16 17 18 19 20 | 20.0
Dodging        | 2 3 4 5 6 8 |  8.0
Evocations     | 2 3 4 6 7 8 9 |  9.5
Spellcasting   | 1 4 5 6 7 8 10 11 12 13 | 13.2
Translocations | 1 3 4 5 |  5.5
Hexes          | 2 4 5 6 7 9 10 | 10.7
Throwing       | 2 3 4 5 7 8 |  8.3
Summonings     | 1 4 5 |  5.5
Conjurations   | 1 4 5 |  5.5
Fire Magic     | 1 4 5 |  5.5
Charms         | 1 3 5 |  5.5
Air Magic      | 1 3 5 |  5.5
Poison Magic   | 1 |  1.8
Earth Magic    | 1 |  1.8
Ice Magic      | 1 |  1.8

Action                   |  1- 3 |  4- 6 |  7- 9 | 10-12 | 13-15 | 16-18 | 19-21 | 22-24 | 25-27 || total
-------------------------+-------+-------+-------+-------+-------+-------+-------+-------+-------++-------
Melee: Flail             |   118 |   206 |   496 |   975 |   398 |       |       |       |       ||  2193
       Morningstar       |       |       |       |       |   832 |  1379 |  1676 |  1742 |   543 ||  6172
Throw: Dart              |       |       |    43 |   254 |   335 |    10 |       |    17 |    31 ||   690
       Throwing net      |       |       |       |       |     2 |       |       |       |       ||     2
 Cast: Confusing Touch   |       |       |       |       |       |     3 |       |       |       ||     3
       Lesser Beckoning  |       |       |       |       |       |       |     5 |       |       ||     5
       Slow              |       |       |       |       |       |       |     1 |       |       ||     1
       Summon Guardian G |       |       |       |       |       |       |       |     1 |       ||     1
       Blink             |       |       |       |       |       |       |       |     2 |     5 ||     7
       Silence           |       |       |       |       |       |       |       |     2 |       ||     2
       Cause Fear        |       |       |       |       |       |       |       |     1 |       ||     1
Invok: Curse Item        |       |     1 |     1 |     2 |     3 |     2 |     1 |     2 |       ||    12
 Abil: Fly               |       |       |       |       |     1 |       |       |       |       ||     1
Evoke: Wand              |       |       |       |     7 |    21 |    54 |     8 |     4 |       ||    94
  Use: Scroll            |     2 |     3 |     1 |    12 |    13 |     8 |    12 |    10 |     6 ||    67
       Potion            |       |       |       |       |     4 |       |    10 |    15 |     4 ||    33
 Stab: Petrified         |       |       |       |       |     4 |       |       |       |       ||     4
       Distracted        |       |       |       |       |     1 |       |     1 |       |       ||     2
       Confused          |       |       |       |       |       |     1 |       |       |       ||     1
  Eat: Chunk             |     2 |     6 |    12 |    21 |    27 |    21 |    22 |    26 |     2 ||   139
       Ration            |       |       |       |       |     1 |     2 |     2 |     1 |     5 ||    11
Armor: Scale mail        |    70 |    23 |       |       |       |       |       |       |       ||    93
       Chain mail        |       |   107 |   265 |       |       |       |       |       |       ||   372
       Plate armour      |       |       |    68 |   478 |   343 |   899 |   769 |   771 |   296 ||  3624
       Storm dragon scal |       |       |       |       |   313 |       |       |       |       ||   313
Dodge: Dodged            |    48 |    46 |    95 |   150 |   355 |   452 |   296 |   388 |   115 ||  1945
Block: Shield            |    54 |   108 |   229 |   454 |   779 |   984 |       |       |       ||  2608
       Large shield      |       |       |       |       |       |   180 |  1847 |  2369 |   767 ||  5163
